 Dungeon Crawl Stone Soup version 0.30.0-29-ga12c61a403 (webtiles) character file.

Game seed: 12896695742377265672

7372 Peloso the Basher (level 10, -27/90 HPs)
             Began as a Minotaur Fighter on June 10, 2023.
             Was a Priest of Okawaru.
             Annihilated by Erolcha
             ... wielding a +0 giant spiked club
              (30 damage)
             ... on level 9 of the Dungeon.
             The game lasted 00:16:04 (7999 turns).

Peloso the Basher (Minotaur Fighter)                Turns: 7999, Time: 00:16:05

Health: -27/90     AC: 20    Str: 23    XL:     10   Next: 91%
Magic:  0/9        EV: 10    Int:  5    God:    Okawaru [***...]
Gold:   686        SH:  5    Dex: 12    Spells: 9/9 levels left

rFire   . . .        a - +1 scimitar (flame)
rCold   . . .        d - +0 buckler
rNeg    . . .        c - +1 chain mail
rPois   +            (helmet restricted)
rElec   .            C - +2 cloak {rPois}
rCorr   .            (no gloves)
SInv    .            (no boots)
Will    .....        i - amulet of guardian spirit Stlth
                     q - +4 ring of protection
HPRegen 0.35/turn    (no ring)
MPRegen 0.11/turn

%: guardian spirit
@: no status effects
A: horns 2, retaliatory headbutt
a: Renounce Religion, Heroism


You were on level 9 of the Dungeon.
You worshipped Okawaru.
Okawaru was most pleased with you.
You visited 2 branches of the dungeon, and saw 10 of its levels.
You also visited: Sewer.

You collected 828 gold pieces.
You spent 142 gold pieces at shops.

Inventory:

Hand Weapons
 a - a +1 scimitar of flaming (weapon)
 b - a +0 long sword
 k - the +4 mace of the Charming Ancients {drain, *Slow Fly rPois}
   (You found it on level 2 of the Dungeon)

   rPois:     It protects you from poison.
   Fly:       It grants you flight.
   *Slow:     It may slow you when you take damage.
Missiles
 B - 2 throwing nets (quivered)
Armour
 c - a +1 chain mail (worn)
 d - a +0 buckler (worn)
 C - a +2 cloak of poison resistance (worn)
Jewellery
 i - an amulet of guardian spirit (around neck)
 q - a +4 ring of protection (left hand)
 F - an amulet of faith
Wands
 l - a wand of quicksilver (8)
 u - a wand of flame (6)
 D - a wand of digging (8)
 I - a wand of iceblast (8)
Scrolls
 e - 2 scrolls of summoning
 f - 3 scrolls of teleportation
 g - 2 scrolls of enchant armour
 o - 3 scrolls of enchant weapon
 p - a scroll of fog
 r - 2 scrolls of amnesia
 t - 3 scrolls of blinking
 w - 2 scrolls of poison {unknown}
 y - a scroll of immolation
 z - 3 scrolls of magic mapping
 H - a scroll of torment {unknown}
Potions
 h - 5 potions of brilliance
 j - 4 potions of curing
 m - 2 potions of cancellation
 n - a potion of heal wounds
 v - 3 potions of mutation
 x - 3 potions of haste
 A - 2 potions of berserk rage
 E - a potion of degeneration {unknown}
 J - a potion of attraction {unknown}
 K - a potion of flight


   Skills:
 + Level 8.8 Fighting
 + Level 6.4 Long Blades
 + Level 11.5 Maces & Flails
 + Level 10.1 Armour
 + Level 4.8 Dodging
 + Level 2.2 Stealth
 + Level 7.2 Shields
 + Level 0.1 Invocations
 + Level 0.5 Evocations


You had 9 spell levels left.
You didn't know any spells.
Your spell library contained the following spells:

 Spells                   Type           Power      Damage    Failure   Level
 Dazzling Flash           Conj/Hex       0%         N/A       100%        3
 Frozen Ramparts          Ice            0%         1d1       100%        3
 Volatile Blastmotes      Fire/Tloc      0%         2d10      100%        3
 Ice Form                 Ice/Tmut       0%         N/A       100%        4
 Iskenderun's Mystic Bla  Conj/Tloc      0%         2d3       100%        4
 Leda's Liquefaction      Hex/Erth       0%         N/A       100%        4
 Lee's Rapid Deconstruct  Erth           0%         3d4*      100%        5
 Starburst                Conj/Fire      0%         6d3       100%        6
 Statue Form              Tmut/Erth      0%         N/A       100%        6
 Orb of Destruction       Conj           0%         9d5       100%        7
 Summon Guardian Golem    Hex/Summ       Unusable   N/A       N/A         3
 Summon Ice Beast         Ice/Summ       Unusable   N/A       N/A         4
 Spellforged Servitor     Conj/Summ      Unusable   N/A       N/A         7

Dungeon Overview and Level Annotations

Branches:
Dungeon (9/15)             Temple (1/1) D:6           Sewer (visited)
   Lair: D:8-11         Orc: D:9-12

Altars:
Ashenzari
Cheibriados
Dithmenos
Elyvilon
Fedhas
Gozag
Hepliaklqana
Kikubaaqudgha
Makhleb
Nemelex Xobeh
Okawaru
Qazlal
Ru
Sif Muna
Trog
Uskayaw
Vehumet
Wu Jian
Xom
Yredelemnul
Zin
The Shining One

Shops:
D:6 ?

Annotations:
D:4 1 runed translucent door, Heoruswealwe's ghost, amateur DESu
D:9 Erolcha


Innate Abilities, Weirdness & Mutations

You have a pair of horns on your head.
You reflexively headbutt those who attack you in melee.


Message History

Something hits you but does no damage.
You miss something. Something hits you but does no damage.
You closely miss something. Your headbutt misses something.
Something completely misses you.
You hit something. You burn something. Something hits you but does no damage.
You barely miss something. Something hits you but does no damage.
You miss something. Your headbutt misses something.
Something hits you but does no damage.
You hit something. You burn something. Your headbutt misses something.
You block something's attack.
You hit something. You burn something. Okawaru accepts your kill.
Reactivating autopickup.
You feel a bit more experienced.
Items here: )) [[ †.
Items here: )) [[ †.
Things that are here:
a +0 dagger; a +0 robe; an orc corpse
Items here: )) [[ †.
h - 5 potions of brilliance (gained 2) Erolcha the Cunning comes into view.
She is wielding a +0 giant spiked club.
Erolcha shouts!
Erolcha gestures wildly while chanting.
Erolcha flickers and vanishes!
Deactivating autopickup; reactivate with Ctrl-A.
There is a strange disturbance nearby!
There is a strange disturbance nearby!
You hit something but do no damage. Something hits you!!
You closely miss something. Your headbutt misses something. Something hits you!
You hit something. You burn something. You headbutt something.
You hit something. You burn something. You headbutt something!
Something hits you!!
You miss something.
You hear some strange, mumbled words.
Something hits you!!
* * * LOW HITPOINT WARNING * * *
Something hits you!!
* * * LOW HITPOINT WARNING * * *
Something hits you!!
You die...

#.###.##.#.#.#.#.##
#.#...............##
#.#.#.##.#.#.#.#.#..
#.....#............#
###.####.#.#.#.#.###
#.# #...........##
#.# ##.#.#.#>#)#.#
#.# #.............
#@# ##.#.#)#.#.#..
#.# ####.)..###..
#.# #.###.##... #.#
#.# #...... #..
#.###.##... ##.
##....###.. .
##.#.###.. ..
#.#..##.# #.##.##..


There were no monsters in sight!

Vanquished Creatures
  Erica (D:8)
  A two-headed ogre (D:9)
  Pikel (D:4)
  Joseph (D:8)
  Maurice (D:9)
  A kobold demonologist (D:9)
  A troll (D:9)
  2 humans (D:7)
  2 wyverns (D:8)
  Menkaure (D:5)
  A steam dragon (D:7)
  2 water moccasins
  Pargi (Sewer)
  An ice beast (D:6)
  4 orc warriors
  A sky beast (D:8)
  3 ogres
  4 centaurs
  2 lemures (D:4)
  2 bullfrogs
  2 scorpions
  4 wights
  13 killer bees
  6 howler monkeys
  2 gnoll boudas (D:5)
  3 hounds
  3 orc priests
  Crazy Yiuf (D:5)
  Natasha (thrice) (D:4)
  2 iguanas
  15 orc wizards
  14 gnolls
  5 adders
  A river rat (D:4)
  2 shadow imps
  A white imp (D:7)
  A worm (D:4)
  A dart slug (D:1)
  23 orcs
  4 bats
  7 endoplasms
  5 giant cockroaches
  6 goblins
  10 hobgoblins
  13 kobolds
  3 quokkas
  10 ball pythons
  4 frilled lizards
  4 rats
201 creatures vanquished.

Vanquished Creatures (others)
  An orc (D:7)
1 creature vanquished.

Grand Total: 202 creatures vanquished

Notes
Turn   | Place    | Note
-------+----------+-------------------------------------------
     0 | D:1      | Peloso the Minotaur Fighter began the quest for the Orb.
     0 | D:1      | Reached XP level 1. HP: 19/19 MP: 0/0
   172 | D:1      | Reached XP level 2. HP: 26/27 MP: 1/1
   707 | D:2      | Reached XP level 3. HP: 33/33 MP: 2/2
   783 | D:2      | Identified the +4 mace of the Charming Ancients {drain,
                  | *Slow Fly rPois}
  1182 | D:2      | Reached skill level 1 in Dodging
  1409 | D:3      | Reached XP level 4. HP: 40/40 MP: 3/3
  2008 | D:3      | Reached skill level 1 in Maces & Flails
  2197 | D:4      | Found a blossoming altar of Fedhas.
  2217 | D:4      | Found a runed translucent door.
  2221 | D:4      | Noticed Heoruswealwe's ghost (amateur DESu)
  2221 | D:4      | Noticed a steam dragon
  2409 | D:4      | Noticed Pikel
  2409 | D:4      | Noticed a lemure
  2409 | D:4      | Noticed a lemure
  2409 | D:4      | Noticed a lemure
  2410 | D:4      | Noticed a lemure
  2411 | D:4      | Noticed a scorpion
  2428 | D:4      | Killed a scorpion
  2429 | D:4      | Reached skill level 2 in Maces & Flails
  2429 | D:4      | Reached XP level 5. HP: 46/47 MP: 2/4
  2431 | D:4      | Killed a lemure
  2436 | D:4      | Killed a lemure
  2442 | D:4      | Killed Pikel
  2443 | D:4      | Reached skill level 5 in Fighting
  2443 | D:4      | Reached skill level 5 in Maces & Flails
  2443 | D:4      | Reached skill level 5 in Armour
  2443 | D:4      | Reached XP level 6. HP: 42/56 MP: 5/5
  2443 | D:4      | Reached XP level 7. HP: 45/61 MP: 6/6
  2513 | D:4      | Found a glowing drain.
  2517 | Sewer    | Entered a sewer
  2636 | Sewer    | Noticed Pargi
  2641 | Sewer    | Killed Pargi
  2783 | D:4      | Found a shimmering altar of Xom.
  2784 | D:4      | Found a hazy altar of Hepliaklqana.
  2785 | D:4      | Noticed a spectral ugly thing
  2880 | D:4      | Noticed Natasha
  2886 | D:4      | Killed Natasha
  2913 | D:4      | Found a shadowy altar of Dithmenos.
  3088 | D:4      | Noticed Natasha
  3092 | D:4      | Killed Natasha
  3135 | D:4      | Noticed Natasha
  3139 | D:4      | Killed Natasha
  3140 | D:4      | Reached skill level 6 in Maces & Flails
  3179 | D:5      | Entered Level 5 of the Dungeon
  3184 | D:5      | Reached skill level 5 in Shields
  3381 | D:5      | Found a runed translucent door.
  3382 | D:5      | Noticed Crazy Yiuf
  3433 | D:5      | Noticed Menkaure
  3440 | D:5      | Killed Menkaure
  3441 | D:5      | Reached XP level 8. HP: 69/69 MP: 7/7
  3665 | D:5      | Reached skill level 7 in Maces & Flails
  4185 | D:5      | Killed Crazy Yiuf
  4277 | D:6      | Found a staircase to the Ecumenical Temple.
  4299 | Temple   | Entered the Ecumenical Temple
  4397 | D:6      | Found Lyosis's Magic Scroll Shop.
  4438 | D:6      | Bought a scroll of magic mapping for 112 gold pieces
  4438 | D:6      | Bought a scroll of identify for 30 gold pieces
  4550 | D:6      | Reached skill level 8 in Maces & Flails
  5057 | D:7      | Reached XP level 9. HP: 61/78 MP: 5/8
  5374 | D:7      | Reached skill level 9 in Maces & Flails
  5556 | D:7      | Found a shimmering blue altar of Sif Muna.
  5824 | D:7      | Found an iron altar of Okawaru.
  5844 | D:7      | Reached skill level 10 in Maces & Flails
  5849 | D:7      | Became a worshipper of Warmaster Okawaru
  6072 | D:8      | Noticed Joseph
  6088 | D:8      | Killed Joseph
  6161 | D:8      | Identified the +1 leather armour of Syndicalism {Rampage
                  | rPois rF- Regen+}
  6236 | D:8      | Noticed Erica
  6242 | D:8      | Killed Erica
  6242 | D:8      | Reached * piety under Okawaru
  6243 | D:8      | Reached skill level 11 in Maces & Flails
  6243 | D:8      | Reached XP level 10. HP: 69/88 MP: 6/9
  7292 | D:9      | Noticed Maurice
  7322 | D:9      | Reached ** piety under Okawaru
  7347 | D:9      | Reached skill level 1 in Stealth
  7350 | D:9      | Reached skill level 5 in Long Blades
  7366 | D:9      | Killed Maurice
  7375 | D:9      | Noticed a two-headed ogre
  7386 | D:9      | Killed a two-headed ogre
  7387 | D:9      | Reached skill level 10 in Armour
  7505 | D:9      | Found a white marble altar of Elyvilon.
  7907 | D:9      | Reached *** piety under Okawaru
  7983 | D:9      | Noticed Erolcha
  7997 | D:9      | HP: 2/90 [something (17)]
  7999 | D:9      | Annihilated by Erolcha

Illustrated notes

Levels and vault maps discovered:
D:1:      sevenhm_arrival_forest_fort_large_4, layout_rooms
D:2:      layout_loops_ring
D:3:      layout_loops_corners
D:4:      layout_basic, regret_index_temple_of_mockery,
          nicolae_dithmenos_shadow_blocks, old_standard_altar,
          gup_sewer_entry_spiral, ebering_ghost_inner_flame, uniq_natasha,
          uniq_pikel
D:5:      layout_loops_ring, kennysheep_nondescript, uniq_crazy_yiuf_cottage,
          uniq_menkaure
D:6:      layout_loops_cross, minmay_temple_entry_waves, serial_shops,
          nicolae_shop_temple_entry_statues_fountains, minmay_misc_feat_pillars,
          roderic_serpentine_path
D:7:      layout_loops_ring, kennysheep_orc_sif_temple, okawaru_humans,
          amcnicky_mini_corridor_feature, amcnicky_mini_rare_corridor_liquid,
          wad_floor_pattern_untrapped
D:8:      layout_basic, serial_rivers, chequers_serial_rivers_small_3,
          chequers_serial_rivers_micro_e, chequers_serial_rivers_room_a,
          chequers_serial_rivers_micro_a, hangedman_abyss_or_decor_slice,
          chequers_serial_rivers_room_a, uniq_joseph, uniq_erica
D:9:      layout_loops_ring, elyvilon_altar_1, st_stairs_10, item_on_display_a,
          uniq_maurice, uniq_erolcha
Temple:   eino_wide_crystal_templ

Skill      XL: |  1  2  3  4  5  6  7  8  9 10 |
---------------+-------------------------------+-----
Armour         | 4 5 6 7 9 10 | 10.1
Fighting       | 4 5 6 8 |  8.8
Long Blades    | 3 6 |  6.4
Dodging        | 1 2 3 4 |  4.8
Shields        | 4 5 6 7 |  7.2
Maces & Flails | 2 5 6 8 11 | 11.5
Stealth        | 2 |  2.2
Invocations    | |  0.1
Evocations     | |  0.5

Action                     |  1- 3 |  4- 6 |  7- 9 | 10-12 || total
---------------------------+-------+-------+-------+-------++-------
  Melee: Long sword        |    48 |       |       |       ||    48
         Headbutt          |     4 |     4 |    41 |    34 ||    83
         Mace              |    24 |    32 |   260 |       ||   316
         Scimitar          |       |       |       |   207 ||   207
 Invoke: Heroism           |       |       |       |     1 ||     1
  Evoke: Wand              |       |       |       |     5 ||     5
    Use: Potion            |     1 |     6 |       |       ||     7
         Scroll            |     1 |     2 |     7 |     2 ||    12
   Stab: Paralysed         |       |       |       |     6 ||     6
 Armour: Scale mail        |    23 |       |       |       ||    23
         Chain mail        |    24 |    26 |   115 |   162 ||   327
  Dodge: Dodged            |    35 |    21 |   106 |   125 ||   287
  Block: Buckler           |    26 |     8 |    59 |    68 ||   161
